AoeStats
← plusquemavieee

Black Forest

504340747Analyzed
1v1 RM · 27d ago on Sep 4, 2026· 26m 0s· 2 players
Game mode
Random Map
Map size
Tiny (2 player)
Population
200
Speed
Normal
Resources
Standard
Victory
Conquest
Starting age
Dark Age
Ending age
Imperial Age
RankedLock teamsTeams togetherTeam positionsShared explorationLock speedFull tech treeHidden civsTurbo modeCheats
Victory
Defeat
🇳🇱 Sicilians · Netherlands
526
+15
🇨🇱 Mongols · Chile
512
-15
FossilAir8523
1:16 Loom
12:57 Feudal Age
14:50 Double-Bit Axe
16:29 Gold Mining
21:10 Castle Age
23:59 Husbandry
24:18 Bloodlines
24:25 Scale Barding Armor
24:32 Forging
25:29 Chain Barding Armor
plusquemavieee
1:34 Loom
12:03 Feudal Age
12:26 Horse Collar
12:36 Double-Bit Axe
21:42 Castle Age
20:59 Forging
20:51 Scale Mail Armor
21:12 Stone Mining
21:16 Gold Mining
25:41 Iron Casting
Connection lost

Rejoining the realm…

Still unreachable

The connection could not be restored.

Session expired

The server has moved on; the page needs a fresh start.